 Dungeon Crawl Stone Soup version 0.18-a0-917-g8a3da5b (webtiles) character file.

9980 st0uf the Grappler (level 11, -2/109 HPs)
             Began as a Troll Monk on Dec 26, 2015.
             Was the Champion of Makhleb.
             Slain by a seven-headed hydra (6 damage)
             ... on level 1 of the Lair of Beasts.
             The game lasted 00:51:49 (8672 turns).

st0uf the Grappler (Troll Monk)                     Turns: 8672, Time: 00:51:49

Health: -2/109     AC:  8    Str: 24    XL:     11   Next: 30%
Magic:  14/14      EV: 20    Int:  6    God:    Makhleb [******]
Gold:   496        SH:  0    Dex: 12    Spells: 0 memorised, 10 levels left

rFire  . . .     SeeInvis +       - Unarmed
rCold  . . .     Gourm    +     a - +0 robe
rNeg   . . .     Faith    .     (no shield)
rPois  .         Spirit   .     (helmet restricted)
rElec  .         Dismiss  .     L - +2 cloak
rCorr  .         Reflect  .     (gloves unavailable)
SustAt .         Harm     .     (boots unavailable)
MR     .....                    (no amulet)
Stlth  ++........               g - ring of see invisible
                                e - +6 ring of evasion

@: not resistant to hostile enchantments, unstealthy
A: unfitting armour, claws 3, fast metabolism 3, gourmand, regeneration 2,
shaggy fur 1, tough skin 2
a: Minor Destruction, Lesser Servant of Makhleb, Major Destruction, Greater
Servant of Makhleb, Renounce Religion


You were on level 1 of the Lair of Beasts.
You worshipped Makhleb.
Makhleb was exalted by your worship.
You were very full.

You visited 2 branches of the dungeon, and saw 11 of its levels.

You collected 613 gold pieces.
You spent 117 gold pieces at shops.

Inventory:

Missiles
 w - 8 javelins (quivered)
Armour
 a - a +0 robe (worn)
 L - a +2 cloak (worn)
Jewellery
 e - a +6 ring of evasion (left claw)
 g - a ring of see invisible (right claw)
 H - an uncursed ring of protection from magic
Wands
 x - a wand of polymorph (15/24)
 D - a wand of flame (34/48)
 F - a wand of lightning (11/15)
 P - a wand of paralysis (13/24)
Scrolls
 c - 3 scrolls of teleportation {unknown}
 d - 11 scrolls of remove curse
 f - a scroll of immolation {unknown}
 h - a scroll of random uselessness {unknown}
 j - 3 scrolls of enchant armour {unknown}
 p - a scroll of holy word {unknown}
 s - 2 scrolls of magic mapping {unknown}
 y - a scroll of recharging {unknown}
 A - 2 scrolls of blinking {unknown}
 B - 2 scrolls of noise {unknown}
 I - 2 scrolls of brand weapon {unknown}
 K - a scroll of fear {unknown}
 R - a scroll of amnesia {unknown}
Potions
 i - 5 potions of curing
 l - 3 potions of agility
 q - a potion of berserk rage
 z - 2 potions of might
Miscellaneous
 n - a phantom mirror
Comestibles
 b - 9 bread rations
 k - a slice of pizza
 m - 9 meat rations
 o - 4 beef jerkies
 C - 2 fruits
 Q - a royal jelly
 S - 9 chunks of flesh


   Skills:
 + Level 7.1 Fighting
 + Level 9.4 Dodging
 - Level 1.4 Stealth
 + Level 10.1 Unarmed Combat
 * Level 6.6 Invocations


You had 10 spell levels left.
You didn't know any spells.

Dungeon Overview and Level Annotations

Branches:
Dungeon (10/15)            Temple (0/1) D:7            Lair (1/8) D:8
    Orc: D:9-12

Altars:
Elyvilon
Fedhas
Makhleb
Nemelex Xobeh
Okawaru
Ru
Xom
Yredelemnul
Zin

Shops:
D:8 %=[}=


Innate Abilities, Weirdness & Mutations

You are too large for most types of armour.
You have claws for hands.
Your metabolism is lightning-fast.
You like to eat raw meat.
You heal very quickly.
You are covered in fur (AC +1).
You have very tough skin (AC +2).


Message History

* * * LOW HITPOINT WARNING * * *
The seven-headed hydra completely misses you.
The seven-headed hydra misses you.
The seven-headed hydra closely misses you.
The seven-headed hydra completely misses you.
The seven-headed hydra barely misses you.
The seven-headed hydra misses you.
Press: ? - help, Shift-Dir - straight line, f/p - seven-headed hydra
Aim: a seven-headed hydra (heavily wounded)
The bolt of negative energy hits the seven-headed hydra.
The seven-headed hydra is drained!
The seven-headed hydra is almost dead.
You feel somewhat less full. The seven-headed hydra misses you.
The seven-headed hydra bites you.
* * * LOW HITPOINT WARNING * * *
The seven-headed hydra misses you. The seven-headed hydra bites you.
* * * LOW HITPOINT WARNING * * *
The seven-headed hydra closely misses you.
The seven-headed hydra bites you.
You die...

...........#
...##......# .#
.####......# (#
#####......# #.#
#..........#######..#
.#..................#
....................#
.#..††..............#
+...†.........D@...#
#####..............#
#..............)# ###
##......######..#
..####.....#.....#..#
.................#..#
....##.....#.....#..#
..+.##........[.....#
..####.....#........#


You could see a seven-headed hydra.

Vanquished Creatures
  Pikel (D:8)
  A hill giant (D:10)
  A deep elf mage (D:8)
  A centaur zombie (D:8)
  Prince Ribbit (D:8)
  10 yaks
  A hippogriff (Lair:1)
  2 basilisks (Lair:1)
  Edmund (D:5)
  2 water moccasins
  3 sky beasts
  Duvessa (D:4)
  2 wasps
  6 ice beasts
  2 orc warriors
  6 centaurs
  A black bear (D:9)
  A necrophage (D:9)
  A crocodile (D:8)
  7 ogres
  7 giant frogs
  A gnoll sergeant (D:8)
  Dowan (D:4)
  11 killer bees
  4 scorpions
  8 wights (D:9)
  4 hounds
  3 crimson imps
  A quasit (D:6)
  3 jellies
  8 orc priests
  9 orc wizards
  A giant frog skeleton (D:4)
  12 worker ants
  An iguana (Lair:1)
  14 adders
  7 gnolls
  18 river rats
  A shadow imp (D:6)
  An ooze (D:2)
  3 adder zombies
  3 worms
  51 orcs
  3 giant cockroaches
  14 goblins
  10 hobgoblins
  12 jackals
  2 quokkas
  A ball python (D:5)
  A ball python skeleton (D:4)
  11 bats
  5 giant geckos
  A giant gecko skeleton (D:4)
  3 giant newts
  5 kobolds
  A quokka skeleton (D:5)
  14 rats
306 creatures vanquished.

Vanquished Creatures (others)
  A slave (D:8)
  An adder (D:8)
  2 fungi (D:8)
4 creatures vanquished.

Grand Total: 310 creatures vanquished

Notes
Turn   | Place    | Note
--------------------------------------------------------------
     0 | D:1      | st0uf the Troll Monk began the quest for the Orb.
     0 | D:1      | Reached XP level 1. HP: 22/22 MP: 0/0
   174 | D:1      | Reached XP level 2. HP: 19/29 MP: 1/1
   260 | D:3      | Reached XP level 3. HP: 36/36 MP: 2/2
   467 | D:4      | Noticed Duvessa
   496 | D:4      | Killed Duvessa
   496 | D:4      | Reached skill level 5 in Unarmed Combat
   496 | D:4      | Reached XP level 4. HP: 35/45 MP: 3/3
   496 | D:4      | Reached XP level 5. HP: 41/53 MP: 4/4
   506 | D:4      | Noticed an ogre
   517 | D:4      | Noticed Dowan
   536 | D:4      | Killed Dowan
   553 | D:4      | Noticed an ogre
   577 | D:5      | Entered Level 5 of the Dungeon
   634 | D:5      | Found a burning altar of Makhleb.
   637 | D:5      | Found a glowing silver altar of Zin.
   637 | D:5      | Noticed a green death
   637 | D:5      | Noticed an angel
   640 | D:5      | Became a worshipper of Makhleb the Destroyer
   640 | D:5      | Reached * piety under Makhleb
   640 | D:5      | Reached ** piety under Makhleb
   648 | D:5      | Noticed a centaur
   674 | D:4      | Killed an ogre
   674 | D:4      | Reached XP level 6. HP: 40/61 MP: 5/5
   717 | D:4      | Found a shimmering altar of Xom.
   723 | D:4      | Found a sacrificial altar of Ru.
  1197 | D:4      | Reached skill level 6 in Unarmed Combat
  1197 | D:4      | Reached skill level 1 in Invocations
  1451 | D:3      | Reached XP level 7. HP: 68/68 MP: 6/6
  1664 | D:3      | Reached *** piety under Makhleb
  1828 | D:3      | Found a white marble altar of Elyvilon.
  1831 | D:3      | Found a blossoming altar of Fedhas.
  1988 | D:3      | Found a basalt altar of Yredelemnul.
  2414 | D:2      | Reached **** piety under Makhleb
  3329 | D:5      | Noticed Edmund
  3425 | D:5      | Reached XP level 8. HP: 64/79 MP: 8/8
  3551 | D:5      | Reached skill level 5 in Dodging
  3590 | D:4      | Reached skill level 7 in Unarmed Combat
  3663 | D:5      | Killed Edmund
  3767 | D:5      | Reached ***** piety under Makhleb
  3770 | D:5      | Found an iron altar of Okawaru.
  4220 | D:6      | Reached XP level 9. HP: 79/87 MP: 10/10
  4424 | D:6      | Reached skill level 5 in Fighting
  4618 | D:6      | Reached skill level 8 in Unarmed Combat
  4717 | D:7      | Found a staircase to the Ecumenical Temple.
  5291 | D:8      | Noticed Prince Ribbit
  5560 | D:8      | Reached ****** piety under Makhleb
  5617 | D:8      | Killed Prince Ribbit
  5625 | D:8      | Found Yray's Gadget Shoppe.
  5716 | D:8      | Found a staircase to the Lair.
  5848 | D:8      | Reached XP level 10. HP: 95/98 MP: 12/12
  5952 | D:8      | Found Amena's Food Boutique.
  5965 | D:8      | Found Coloaneo's Jewellery Shoppe.
  5997 | D:8      | Found Haown's Antique Armour Shop.
  6002 | D:8      | Bought a runed cloak for 117 gold pieces
  6115 | D:8      | Reached skill level 5 in Invocations
  6252 | D:8      | Reached skill level 9 in Unarmed Combat
  6294 | D:8      | Noticed Pikel
  6309 | D:8      | Killed Pikel
  6422 | D:8      | Found Itsidiw's Jewellery Shop.
  6533 | D:8      | Noticed a deep elf mage
  6542 | D:8      | Killed a deep elf mage
  7002 | D:9      | Found a sparkling altar of Nemelex Xobeh.
  7438 | D:10     | Entered Level 10 of the Dungeon
  7808 | D:10     | Noticed a hill giant
  7813 | D:10     | Killed a hill giant
  7813 | D:10     | Reached XP level 11. HP: 107/107 MP: 14/14
  8253 | Lair:1   | Entered Level 1 of the Lair of Beasts
  8321 | Lair:1   | Reached skill level 10 in Unarmed Combat
  8659 | Lair:1   | Noticed a seven-headed hydra
  8672 | Lair:1   | HP: 4/109 [seven-headed hydra (4)]
  8672 | Lair:1   | Slain by a seven-headed hydra

Vault maps used:
D:1:      eino_arrival_cavern_d
D:2:      first_bread
D:3:      lemuel_crystal_altar, minitemple, st_stairs_1, minmay_ogre_servants
D:4:      kennysheep_mini_moat, nicolae_ru_great_annihilating_truth,
          uniq_duvessa
D:5:      grunt_temple_overflow_order_and_chaos_2, okawaru_gym_becter,
          uniq_edmund
D:7:      minmay_temple_entry_statues_fountains
D:8:      grunt_lair_entry_orc_guard_hut, serial_shops, kennysheep_mini, shop,
          shop_fountains, kennysheep_little_box, shop,
          guppyfry_early_elven_hall, uniq_pikel, uniq_prince_ribbit1
D:9:      nemelex_xobeh_ov_fountains_minmay
Lair:1:   grunt_megastairs_3

Action                   |  1- 3 |  4- 6 |  7- 9 | 10-12 || total
-------------------------+-------+-------+-------+-------++-------
Melee: Unarmed           |    51 |    89 |   521 |   373 ||  1034
Invok: Minor Destruction |       |       |       |     7 ||     7
       Major Destruction |       |       |       |     3 ||     3
       Lesser Servant of |       |       |       |     1 ||     1
  Use: Scroll            |       |       |       |     8 ||     8
 Stab: Sleeping          |     2 |       |     2 |     2 ||     6
       Paralysed         |       |     1 |       |       ||     1
       Distracted        |       |       |     1 |       ||     1
  Eat: Chunk             |    10 |     8 |    41 |    26 ||    85
